Arrhythmia, chaotic female vampiric Convict ----- ---- |...| ---- ---- --- |..---...--------..------ |..---.--- |.......................----- |........| -----.----.------.........|.-- # |........---- |....||...| --............| ----.----..........-- --- --.|.----.--...^..........|#0 .......--.<.........| --.-- --|...||..................-...--.....).*.)>.......| --...| --- ---.--.-........(..........-----............--.-- |....--- -----.--- --- |.........................................-------.--...-- |.......| --.----.......-....................@--.........).......|---.(--- --......-- |...--....---.....................@-- --.....--------- |....--- -----...----.........| ---.......-.---.|.....-- ---....--- ---....| --...||..........-----#|....... .----...| --.....| |....| |...|--..........--..--......| --.^-- |.....-- --..-- |...--|-.--.........||.......| ....--- ---......| ---- |....--..||........----.....-| #|.....-- --.......-- --....^...........-- --......| # ---....| |..----..-- |......- ----...| |....|.-- ------ ---- --^.| ---...- ----- --......#0 |..| ---- ---- ---- Arrhythmia the Jail-bird Experience level: 8 Strength: 15 Dexterity: 15 Constitution: 18 Intelligence: 12 Wisdom: 10 Charisma: 3 Health: 0(80) Energy: 51(53) AC: 1 Gold: 0 Moves: 4117 Your Inventory: Weapons a - an [uncursed +0] broad pick [dwarvish mattock] (weapon in hands) Armor o - an [uncursed] +0 dwarvish mithril-coat (being worn) p - a [blessed] +1 hard hat [dwarvish iron helm] (being worn) F - an [uncursed +0] hooded cloak [dwarvish] Tools e - an [uncursed] credit card f - an [uncursed] bag [sack] A - an [uncursed] blindfold C - an [uncursed] partly used [wax] candle (lit) E - an [uncursed tallow] candle G - an [uncursed] looking glass [mirror] Contents of the sack: 1159 gold pieces 3 [uncursed +2] arrows of frost a [cursed -1] jacinth ring [of gain constitution] an [uncursed] wand called Fast [of speed monster (0:4)] an [uncursed] wand of locking [0:6] an [uncursed oil] lamp (0:0) Spells known in the end: Name Level Category Fail Memory Your skills at the end: Fighting Skills Weapon Skills sling [Basic / Skilled] Spellcasting Skills Final Attributes: You were piously aligned. Hunger level was 727. Your alignment was 30 / 30. Monster difficulty range was 0 - 5. Level difficulty was 3. You were immune to poison. You were immune to level-drain. You were immune to sickness. You could fly. You could survive without air. You regenerated. Your luck was zero. You are dead. Vanquished creatures: a watchman a leprechaun a lizard a bugbear an orc shaman a rock piercer a rock mole a yellow light 3 gnome lords a straw golem a floating eye a kitten 5 dwarves a kobold shaman a rabid rat a giant bat a monkey 5 orc zombies 7 killer bees 3 acid blobs a gas spore 2 hobbits 2 manes a large kobold 3 hobgoblins 2 giant rats a cave spider a yellow mold a green mold a red mold 28 gnomes 11 garter snakes 4 geckos 4 jackals a kobold a goblin 2 grid bugs a kobold zombie 4 newts 109 creatures vanquished. Voluntary challenges: You went without food. You used a wielded weapon 59 times. You read items or engraved 172 times. You put on armor 6 times. You never genocided any monsters. You never polymorphed an object. You never changed form. You used no wishes. You wrote Elbereth's name 97 times. You never encountered a bones level. You never used any Sokoban shortcuts. Dungeon overview: The Dungeons of Doom: levels 1 to 3 Level 1 a long staircase Level 2 stairs to The Gnomish Mines The Gnomish Mines: levels 3 to 5 Level 3 <- You were here stairs to The Dungeons of Doom Level 5 a general store, a fountain History has recorded: On T:1 you entered the Dungeons of Doom to retrieve the Amulet of Yendor! On T:231 you reached level 2 of The Dungeons of Doom. On T:309 you reached level 1 of The Gnomish Mines. On T:312 you advanced to experience level 2. On T:317 you advanced to experience level 3. On T:322 you advanced to experience level 4. On T:402 you advanced to experience level 5. On T:1433 you advanced to experience level 6. On T:1465 you reached level 3 of The Dungeons of Doom. On T:2499 you reached level 2 of The Gnomish Mines. On T:2528 you advanced to experience level 7. On T:3499 you reached level 3 of The Gnomish Mines. On T:3702 you advanced to experience level 8. Latest messages: [HP+1=19] [HP+1=20] [HP+1=21] [HP+1=22] [HP+1=23] [HP+1=24] [HP+1=25] [HP+1=26] The watch captain suddenly falls asleep! [HP+1=27] You miss the watch captain. (2x) [HP+1=28] You miss the watch captain. You bite the watch captain. [HP+1=29] You miss the watch captain. (2x) The watch captain swings his silver saber. The silver sears your flesh! The watch captain hits! The watch captain swings his silver saber. The silver sears your flesh! The watch captain hits! You die... Final status: Goodbye Arrhythmia the Convict... You died in The Gnomish Mines on dungeon level 3 with 4620 points, and 1159 pieces of gold, after 4117 moves. You were level 8 with a maximum of 80 hit points when you died.